 Dungeon Crawl Stone Soup version 0.19-a0-1773-gaa448fe (webtiles) character file.

78 GlassEater the Skirmisher (level 4, -2/35 HPs)
             Began as a Human Fighter on Oct 31, 2016.
             Succumbed to daryashkoh's ghost's poison
             ... in a sewer.
             The game lasted 00:04:33 (2645 turns).

GlassEater the Skirmisher (Human Fighter)           Turns: 2645, Time: 00:04:33

Health: -2/35      AC:  3    Str: 16    XL:     4   Next: 61%
Magic:  4/4        EV: 14    Int:  8    God:
Gold:   124        SH:  9    Dex: 19    Spells: 0 memorised, 3 levels left

rFire  . . .     SeeInvis .     a - +0 rapier
rCold  . . .     Gourm    .     e - +0 leather armour
rNeg   . . .     Faith    .     c - +0 shield
rPois  .         Spirit   .     (no helmet)
rElec  .         Dismiss  .     (no cloak)
rCorr  .         Reflect  .     (no gloves)
MR     .....     Harm     .     (no boots)
Stlth  +++.......               (no amulet)
                                (no ring)
                                (no ring)

@: agile, lethally poisoned (-2 -> -48)
A: no striking features
a: no special abilities


You were in a sewer.
You were not hungry.

You visited 1 branch of the dungeon, and saw 3 of its levels.
You also visited: Sewer.

You collected 124 gold pieces.

Inventory:

Hand Weapons
 a - a +0 rapier (weapon)
Armour
 b - a +0 scale mail
 c - a +0 shield (worn)
 e - a +0 leather armour (worn)
Scrolls
 k - a scroll of teleportation
 o - a scroll of remove curse
Potions
 d - 2 potions of might
 g - a potion of curing {unknown}
 j - a potion of heal wounds {unknown}
Comestibles
 f - 4 bread rations
 i - 7 fruits
 m - a royal jelly
 n - a beef jerky


   Skills:
 * Level 3.5 Fighting
 * Level 2.3 Short Blades
 * Level 3.5 Armour
 * Level 1.1 Dodging
 + Level 0.9 Stealth
 * Level 3.5 Shields


You had 3 spell levels left.
You didn't know any spells.

Dungeon Overview and Level Annotations

Branches:
Dungeon (3/15)

Altars:
Makhleb
Qazlal

Annotations:
Sewer daryashkoh's ghost, amateur SpAs


Message History

Daryashkoh's ghost is moderately damaged.
* * * LOW HITPOINT WARNING * * *
You feel very sick. You block daryashkoh's ghost's attack.
You hit daryashkoh's ghost but do no damage.
Daryashkoh's ghost is moderately damaged.
* * * LOW HITPOINT WARNING * * *
You feel very sick. You block daryashkoh's ghost's attack.
You hit daryashkoh's ghost.
Daryashkoh's ghost is heavily damaged.
* * * LOW HITPOINT WARNING * * *
You feel very sick. You block daryashkoh's ghost's attack.
Daryashkoh's ghost hits you but does no damage.
You are more poisoned.
Unknown command.
It was a potion of agility.
You feel agile all of a sudden.
You die...

##≈ ## #.≈ .##.
#.≈ #...≈ .
###.≈ ≈.≈≈.# ≈.
.≈..≈ #...≈≈###
#≈≈. #.≈
#≈...≈####≈≈≈≈.
#.≈
#..W.≈≈....#
#@...≈.#
########


You could see daryashkoh's ghost.

Vanquished Creatures
  2 adders (D:2)
  An ooze (D:1)
  A worm (D:3)
  2 dart slugs
  5 leopard geckos
  6 bats
  9 hobgoblins
  2 quokkas (D:2)
  A ball python (D:2)
  A frilled lizard (D:2)
  5 goblins
  3 kobolds
  4 rats
42 creatures vanquished.

Notes
Turn   | Place    | Note
-------+----------+-------------------------------------------
     0 | D:1      | GlassEater the Human Fighter began the quest for the Orb.
     0 | D:1      | Reached XP level 1. HP: 18/18 MP: 1/1
   178 | D:1      | Reached XP level 2. HP: 24/24 MP: 2/2
   850 | D:1      | Reached XP level 3. HP: 24/29 MP: 3/3
  1401 | D:2      | Found a burning altar of Makhleb.
  1570 | D:2      | Reached skill level 1 in Dodging
  1638 | D:2      | Found a stormy altar of Qazlal.
  1689 | D:2      | Found a faded altar of an unknown god.
  1760 | D:2      | Reached XP level 4. HP: 34/35 MP: 4/4
  2487 | D:3      | Found a glowing drain.
  2624 | Sewer    | Entered a sewer
  2631 | Sewer    | Noticed daryashkoh's ghost (amateur SpAs)
  2645 | Sewer    | Succumbed to daryashkoh's ghost's poison

Vault maps used:
D:1:      minmay_arrival_four_circles
D:2:      overflow_temple_1_default, lemuel_doored_altar, ecumenical_altar_2
D:3:      wad_lake_hut, nicolae_overflow_hidden_temple, gup_sewer_entry_spiral
Sewer:    sewer_the_crocodile

Skill      XL: |  1  2  3 |
---------------+----------+-----
Dodging        | 1 |  1.1
Fighting       | |  3.5
Short Blades   | |  2.3
Armour         | |  3.5
Stealth        | |  0.9
Shields        | |  3.5

Action                   |  1- 3 |  4- 6 || total
-------------------------+-------+-------++-------
Melee: Rapier            |   120 |    64 ||   184
  Use: Scroll            |       |     4 ||     4
       Potion            |       |     1 ||     1
  Eat: Chunk             |     3 |     3 ||     6
Armor: Leather armour    |    23 |    13 ||    36
Dodge: Dodged            |    44 |    20 ||    64
Block: Shield            |    60 |    16 ||    76
